[Event "ICC tourney 2802 (60 5)"]
[Site "Internet Chess Club"]
[Date "2022.01.22"]
[Round "2"]
[White "GEVORGYAN, DAVIT:Davo29"]
[Black "RADHAKRISHNAN, SHARATH:Sharathrk5"]
[Result "0-1"]
[ICCResult "White resigns"]
[WhiteElo "1761"]
[BlackElo "1528"]
[Opening "Ruy Lopez: Berlin defense, open variation"]
[ECO "C67"]
[NIC "RL.07"]
[Time "14:00:18"]
[PlyCount "104"]
[TimeControl "3600+5"]

1. e4 e5 2. Nf3 Nc6 3. Bb5 Nf6 4. O-O Nxe4 5. Re1 Nd6 6. Bxc6 dxc6 7. Nxe5
Be7 8. d4 O-O 9. c3 Be6 10. Bf4 Bf6 11. Nd2 Nf5 12. Ne4 Be7 13. Qc2 Nd6 14.
Nc5 Bf5 15. Qb3 Rb8 16. g4 Be6 17. Nxe6 fxe6 18. Qxe6+ Kh8 19. Nd7 Rxf4 20.
Qxe7 Rxg4+ 21. Kf1 Qxe7 22. Rxe7 Rd8 23. Rae1 h6 24. Ne5 Rg5 25. c4 Kh7 26.
c5 Nf5 27. Nf7 Nxe7 28. Nxg5+ hxg5 29. Rxe7 Rxd4 30. Rxc7 Rb4 31. b3 Rb5 32.
Kg2 Kg6 33. Kf3 Kf6 34. Ke3 Rxc5 35. Rxb7 a5 36. Ra7 g6 37. Kd3 Kf5 38. f3
Kf4 39. Rf7+ Rf5 40. Rxf5+ gxf5 41. Ke2 c5 42. a4 g4 43. fxg4 Kxg4 44. Kf2
Kf4 45. h3 Ke4 46. Kg3 Ke3 47. Kg2 f4 48. h4 Ke2 49. h5 f3+ 50. Kg3 f2 51.
h6 f1=Q 52. h7 Qh1 {White resigns} 0-1

[Event "ICC tourney 2802 (60 5)"]
[Site "Internet Chess Club"]
[Date "2022.01.22"]
[Round "2"]
[White "HAMLETT, JAMES MORRISON:Hamlett144"]
[Black "LIU, JOSHUA:chessmaster0981"]
[Result "0-1"]
[ICCResult "White checkmated"]
[WhiteElo "1276"]
[BlackElo "1654"]
[Opening "French: exchange variation"]
[ECO "C01"]
[NIC "FR.01"]
[Time "14:00:35"]
[PlyCount "38"]
[TimeControl "3600+5"]

1. e4 e6 2. d4 d5 3. exd5 exd5 4. Bd3 Bd6 5. Nf3 Ne7 6. O-O O-O 7. Nbd2 Bf5
8. Be2 c6 9. c4 Nd7 10. c5 Bc7 11. b4 Ng6 12. Nb3 Nf6 13. a4 Re8 14. Re1 Ne4
15. Bb2 Nf4 16. Bf1 Qf6 17. b5 Qg6 18. Nh4 Nh3+ 19. Kh1 Nexf2#
{White checkmated}
0-1

[Event "ICC tourney 2802 (60 5)"]
[Site "Internet Chess Club"]
[Date "2022.01.22"]
[Round "2"]
[White "WAKIDA, KEN:Yamato1945"]
[Black "Karthi, Jashith:jazzk"]
[Result "1-0"]
[ICCResult "Black resigns"]
[WhiteElo "1617"]
[BlackElo "1392"]
[Opening "King's Indian: Petrosian system, Stein variation"]
[ECO "E92"]
[NIC "KI.17"]
[Time "14:00:19"]
[PlyCount "85"]
[TimeControl "3600+5"]

1. d4 Nf6 2. c4 g6 3. Nc3 d6 4. e4 Bg7 5. Nf3 O-O 6. Be2 e5 7. d5 a5 8. O-O
Na6 9. a3 Nc5 10. Qc2 b6 11. Be3 a4 12. Nd2 Nfd7 13. Nf3 f5 14. Bg5 Qe8 15.
Nb5 Na6 16. exf5 gxf5 17. Qxa4 e4 18. Nfd4 Ndc5 19. Qd1 Qg6 20. Bf4 Be5 21.
Bxe5 dxe5 22. Nc6 f4 23. Ne7+ Kg7 24. Nxg6 hxg6 25. b4 Nd7 26. Qc2 Nf6 27.
h3 Bf5 28. Qc3 Rae8 29. d6 c6 30. Nc7 Nxc7 31. dxc7 e3 32. fxe3 Ne4 33. Qb2
Ng3 34. Rfd1 fxe3 35. Bf3 Bxh3 36. Kh2 Bxg2 37. Kxg2 Nf5 38. Bxc6 Rc8 39.
Qxe5+ Kh6 40. Rh1+ Kg5 41. Bd7 Rxc7 42. Kf3 Rxc4 43. Rag1+ {Black resigns}
1-0

[Event "ICC tourney 2802 (60 5)"]
[Site "Internet Chess Club"]
[Date "2022.01.22"]
[Round "2"]
[White "AYYAPPAN, SANTHOSH:SanthoshA"]
[Black "WANG, ALEXANDER J:ickyquarter"]
[Result "0-1"]
[ICCResult "White checkmated"]
[WhiteElo "1643"]
[BlackElo "1865"]
[Opening "QGD: Tarrasch defense, 4.cd ed"]
[ECO "D32"]
[NIC "TD.10"]
[Time "14:00:21"]
[PlyCount "60"]
[TimeControl "3600+5"]

1. d4 d5 2. c4 e6 3. Nc3 c5 4. cxd5 exd5 5. dxc5 d4 6. Ne4 Bf5 7. Ng3 Bg6 8.
Nf3 Nc6 9. e3 Bxc5 10. exd4 Bxd4 11. Nxd4 Nxd4 12. Bd3 Ne7 13. O-O O-O 14.
Bxg6 hxg6 15. Be3 Ne6 16. Qb3 b6 17. Rfd1 Qc7 18. Rac1 Qb7 19. Qb5 Rfd8 20.
Ne2 Nf5 21. Bf4 Nfd4 22. Nxd4 Nxf4 23. f3 Qe7 24. Re1 Qf6 25. Nc6 Rd2 26.
Qb4 Rxg2+ 27. Kh1 Rxh2+ 28. Kxh2 Qh4+ 29. Kg1 Qg3+ 30. Kf1 Qg2#
{White checkmated}
0-1

[Event "ICC tourney 2802 (60 5)"]
[Site "Internet Chess Club"]
[Date "2022.01.22"]
[Round "2"]
[White "HOSUR, SANMITA:phosur"]
[Black "DALONZO, JONATHAN:JDD01"]
[Result "0-1"]
[ICCResult "White resigns"]
[WhiteElo "1299"]
[BlackElo "1649"]
[Opening "King's Indian: Petrosian system, main line"]
[ECO "E93"]
[NIC "KI.12"]
[Time "14:00:18"]
[PlyCount "66"]
[TimeControl "3600+5"]

1. d4 Nf6 2. c4 g6 3. Nc3 Bg7 4. e4 d6 5. Nf3 O-O 6. Be2 e5 7. d5 Nbd7 8.
O-O Nc5 9. Nd2 a5 10. f3 Nh5 11. Nb3 Nxb3 12. Qxb3 f5 13. Be3 f4 14. Bf2 Qg5
15. Kh1 Ng3+ 16. hxg3 fxg3 17. Bxg3 Qxg3 18. Kg1 Bh3 19. Rf2 Bh6 20. Nd1 Bf4
21. Kf1 Qh2 22. Ke1 Bxg2 23. Ne3 Qg1+ 24. Bf1 Bg3 25. Kd1 Bxf2 26. Ke2 Bxe3
27. Qxe3 Qxe3+ 28. Kxe3 Rxf3+ 29. Ke2 Rxf1 30. Rxf1 Bxf1+ 31. Kxf1 Rf8+ 32.
Ke2 h5 33. a3 h4 {White resigns} 0-1

[Event "ICC tourney 2802 (60 5)"]
[Site "Internet Chess Club"]
[Date "2022.01.22"]
[Round "2"]
[White "GUO, ELLA:SunnyCountry"]
[Black "Mehta, Dhairya  M:Chesschamp27"]
[Result "1/2-1/2"]
[ICCResult "Game drawn by mutual agreement"]
[WhiteElo "1324"]
[BlackElo "1529"]
[Opening "Caro-Kann: classical, 7...Nd7"]
[ECO "B18"]
[NIC "CK.10"]
[Time "14:01:28"]
[PlyCount "62"]
[TimeControl "3600+5"]

1. e4 c6 2. d4 d5 3. Nc3 dxe4 4. Nxe4 Bf5 5. Ng3 Bg6 6. Nf3 Nd7 7. h4 h6 8.
Bd3 Bxd3 9. Qxd3 Qc7 10. Be3 O-O-O 11. O-O-O e6 12. Kb1 Ngf6 13. Rhe1 Bd6
14. Ne4 Nxe4 15. Qxe4 Nf6 16. Qd3 Ng4 17. Qc3 Nxe3 18. Qxe3 Rhe8 19. g3 Kb8
20. Ne5 c5 21. f4 Rc8 22. Re2 cxd4 23. Qxd4 Red8 24. Qg1 Bxe5 25. Rxd8 Rxd8
26. fxe5 Qd7 27. Re1 a6 28. a3 Qc7 29. Qe3 Rd5 30. Qf4 Rc5 31. Re2 Qd7
{Game drawn by mutual agreement}
1/2-1/2

[Event "ICC tourney 2802 (60 5)"]
[Site "Internet Chess Club"]
[Date "2022.01.22"]
[Round "2"]
[White "ACKERMAN, RYAN:RyanTime"]
[Black "YUAN, ETHAN:Knighthhhh"]
[Result "1-0"]
[ICCResult "Black resigns"]
[WhiteElo "1817"]
[BlackElo "1260"]
[Opening "QGD: exchange, positional line"]
[ECO "D35"]
[NIC "QO.16"]
[Time "14:00:35"]
[PlyCount "161"]
[TimeControl "3600+5"]

1. d4 d5 2. c4 e6 3. Nc3 Nf6 4. cxd5 exd5 5. Bg5 Be7 6. e3 Bf5 7. Bxf6 Bxf6
8. Qb3 Bc8 9. Qxd5 c6 10. Qxd8+ Kxd8 11. Bc4 Ke7 12. Nf3 Bg4 13. Nd2 Nd7 14.
h3 Be6 15. Nce4 Nb6 16. Bxe6 Kxe6 17. Nc5+ Kd6 18. Nxb7+ Kc7 19. Nc5 Rhe8
20. O-O Rad8 21. Nde4 Nd5 22. Nxf6 Nxf6 23. Rac1 Ne4 24. Nxe4 Rxe4 25. Rc5
Rb8 26. b3 g6 27. Rfc1 Rb6 28. d5 Re5 29. Rxc6+ Rxc6 30. Rxc6+ Kd7 31. Rf6
Ke7 32. Ra6 Rxd5 33. Rxa7+ Kf6 34. b4 Rd1+ 35. Kh2 Rb1 36. Rb7 Ra1 37. Ra7
Rb1 38. a3 Rb2 39. Kg3 Rb3 40. Kf3 Ke6 41. Ke4 f5+ 42. Kd4 Rb2 43. Rxh7 Rxf2
44. a4 Ra2 45. a5 Rxg2 46. a6 Ra2 47. b5 Kd6 48. Rg7 Ra4+ 49. Kc3 Ra3+ 50.
Kb4 Rxe3 51. a7 Re8 52. b6 Kc6 53. b7 Re4+ 54. Kc3 Re3+ 55. Kd2 Rb3 56. b8=Q
Rxb8 57. axb8=Q f4 58. Qd8 f3 59. Rc7+ Kb6 60. Qb8+ Ka6 61. Ke3 f2 62. Kxf2
g5 63. Kg1 g4 64. hxg4 Ka5 65. Kh1 Ka6 66. Kh2 Ka5 67. Kh3 Ka6 68. Kh4 Ka5
69. Kh5 Ka6 70. Kh6 Ka5 71. Kh7 Ka6 72. Kh8 Ka5 73. Kg8 Ka6 74. Kf8 Ka5 75.
Ke8 Ka6 76. Kd8 Ka5 77. Kd7 Ka6 78. Kd6 Ka5 79. Kd5 Ka6 80. Kd4 Ka5 81. Kd3
{Black resigns}
1-0

[Event "ICC tourney 2802 (60 5)"]
[Site "Internet Chess Club"]
[Date "2022.01.22"]
[Round "2"]
[White "MISRA, PRAGYAN:SoaringHawk24"]
[Black "SILVESTRE, ROMULO:visionaryman"]
[Result "0-1"]
[ICCResult "White checkmated"]
[WhiteElo "1498"]
[BlackElo "1668"]
[Opening "Sicilian: dragon, Yugoslav attack"]
[ECO "B75"]
[NIC "SI.17"]
[Time "14:00:17"]
[PlyCount "124"]
[TimeControl "3600+5"]

1. e4 c5 2. Nf3 d6 3. d4 cxd4 4. Nxd4 Nf6 5. Nc3 g6 6. Be3 Bg7 7. f3 a6 8.
Qd2 b5 9. g4 Bb7 10. h4 h5 11. g5 Nfd7 12. O-O-O Ne5 13. f4 Ng4 14. Bd3 Nd7
15. Rhf1 Nxe3 16. Qxe3 Qb6 17. Nce2 O-O 18. f5 e5 19. fxe6 fxe6 20. Qg1 d5
21. exd5 Bxd5 22. Kb1 Ne5 23. Nf4 Nxd3 24. Rxd3 Bc4 25. Ndxe6 Qxg1 26. Rxg1
Bxd3 27. Nxf8 Bf5 28. N8xg6 Kf7 29. Nxh5 Bxg6 30. Nxg7 Kxg7 31. Rh1 Rf8 32.
a3 Rf2 33. h5 Bxc2+ 34. Kc1 Bb3 35. h6+ Kh8 36. g6 Rc2+ 37. Kb1 Rg2 38. g7+
Kh7 39. Kc1 Rc2+ 40. Kb1 Rc6 41. Rh3 Bg8 42. Rh4 Rxh6 43. Rxh6+ Kxh6 44. Kc2
a5 45. Kd3 Kxg7 46. Kd4 a4 47. Kc5 Bc4 48. Kb4 Kf6 49. Kc3 Ke5 50. Kc2 Kd4
51. Kb1 Kd3 52. Ka1 Bb3 53. Kb1 Kc4 54. Ka1 Bd1 55. Kb1 Kb3 56. Ka1 Bg4 57.
Kb1 Bf5+ 58. Ka1 Kc2 59. Ka2 Be6+ 60. Ka1 Kc1 61. b3 axb3 62. a4 b2#
{White checkmated}
0-1

[Event "ICC tourney 2802 (60 5)"]
[Site "Internet Chess Club"]
[Date "2022.01.22"]
[Round "2"]
[White "ANNAGELDIYEV, ASHYR:Ashyr"]
[Black "Liao, Connor:che2468"]
[Result "0-1"]
[ICCResult "White resigns"]
[WhiteElo "1712"]
[BlackElo "1511"]
[Opening "Sicilian: Grand Prix attack"]
[ECO "B21"]
[NIC "SI.48"]
[Time "14:00:17"]
[PlyCount "122"]
[TimeControl "3600+5"]

1. e4 c5 2. f4 d6 3. Nf3 Nc6 4. Bc4 Nf6 5. d3 e6 6. O-O Be7 7. Nc3 a6 8. a4
O-O 9. Bd2 b6 10. Qe1 Bb7 11. e5 dxe5 12. fxe5 Nd5 13. Ne4 Ndb4 14. Qg3 Nxc2
15. Bh6 g6 16. Bxf8 Bxf8 17. Nfg5 Qd4+ 18. Kh1 Nxe5 19. Nf6+ Kg7 20. Bxe6
Ne3 21. Bh3 Nxf1 22. Rxf1 Qxd3 23. Qxd3 Nxd3 24. Nd7 f5 25. Ne6+ Kf7 26.
Nexf8 Bc6 27. Kg1 Rd8 28. Rd1 Bxd7 29. Rxd3 Kxf8 30. Rd6 Ke7 31. Rxb6 Bxa4
32. Rxa6 Rd1+ 33. Kf2 Bd7 34. Ke2 Bb5+ 35. Kxd1 Bxa6 36. g4 fxg4 37. Bxg4
Kf6 38. Kd2 Kg5 39. Be6 Kh4 40. Ke3 g5 41. Ke4 g4 42. Kd5 c4 43. Kd4 h5 44.
Bf7 Bb5 45. Kc5 Ba6 46. Kb6 Bc8 47. Kc5 Ba6 48. Kb6 Bc8 49. Kc5 Ba6 50. Kb6
Bc8 51. Kc5 Ba6 52. Be8 Kg5 53. Kb6 Bc8 54. Kc5 Be6 55. Kd6 Bg8 56. Ke5 h4
57. Bc6 g3 58. h3 Bh7 59. Bg2 Bd3 60. Kd4 Kf4 61. b4 Be2 {White resigns} 0-1

[Event "ICC tourney 2802 (60 5)"]
[Site "Internet Chess Club"]
[Date "2022.01.22"]
[Round "2"]
[White "GAUDEAU, ALAIN D H:attalone"]
[Black "SHANKAR, AASHRITHA VIDHYA:aashushankar"]
[Result "1-0"]
[ICCResult "Black resigns"]
[WhiteElo "1650"]
[BlackElo "1403"]
[Opening "QGD semi-Slav"]
[ECO "D43"]
[NIC "SL.03"]
[Time "14:02:08"]
[PlyCount "57"]
[TimeControl "3600+5"]

1. d4 d5 2. c4 c6 3. Nc3 Nf6 4. Nf3 e6 5. Bg5 Nbd7 6. cxd5 exd5 7. e3 Qa5 8.
Bd3 Bb4 9. Qc2 O-O 10. O-O h6 11. Bh4 Re8 12. Rfc1 Be7 13. a3 Qc7 14. Bg3
Qd8 15. Re1 Bf8 16. h3 g6 17. e4 dxe4 18. Nxe4 Nxe4 19. Bxe4 Bg7 20. Qb3 Nf6
21. Bxg6 Be6 22. Rxe6 Rxe6 23. Bxf7+ Kxf7 24. Ne5+ Ke7 25. Ng6+ Kd7 26. Ne5+
Rxe5 27. dxe5 Nd5 28. Qxb7+ Nc7 29. Rd1+ {Black resigns} 1-0

[Event "ICC tourney 2802 (60 5)"]
[Site "Internet Chess Club"]
[Date "2022.01.22"]
[Round "2"]
[White "QI, JENNY:eevee11"]
[Black "LAUSER, JESSICA T:Shakhmatova"]
[Result "0-1"]
[ICCResult "White forfeits on time"]
[WhiteElo "1386"]
[BlackElo "1623"]
[Opening "QP counter-gambit (elephant gambit)"]
[ECO "C40"]
[NIC "KP.10"]
[Time "14:00:27"]
[PlyCount "102"]
[TimeControl "3600+5"]

1. e4 e5 2. Nf3 d5 3. exd5 e4 4. Qe2 Nf6 5. Nc3 Be7 6. Nxe4 O-O 7. Nxf6+
Bxf6 8. Qd1 b6 9. Be2 Re8 10. O-O Qxd5 11. c3 Bb7 12. d4 b5 13. Be3 a6 14.
a4 Nd7 15. Qd3 c6 16. axb5 cxb5 17. Ne1 Qd6 18. Bf3 Bxf3 19. Nxf3 Nc5 20.
Qc2 Ne4 21. Nd2 Ng5 22. Nb3 Qd5 23. Bxg5 Bxg5 24. Nc5 a5 25. Rfe1 Rxe1+ 26.
Rxe1 Bf6 27. Qe4 Qxe4 28. Rxe4 g6 29. Nb7 a4 30. Re1 a3 31. b4 a2 32. Ra1
Bg5 33. Na5 Bd2 34. Rxa2 Bxc3 35. Rc2 Bxb4 36. Nb3 Ra3 37. Nc1 Ra1 38. g3
Ba3 39. Kg2 Bxc1 40. d5 Ba3 41. Rc3 b4 42. Rd3 Kf8 43. d6 Ke8 44. d7+ Kd8
45. Kf3 Bb2 46. Ke2 Bc3 47. Rd1 Ra2+ 48. Kd3 Rxf2 49. Kc4 Rxh2 50. Kb3 Rb2+
51. Ka4 Be5 {White forfeits on time} 0-1

[Event "ICC tourney 2802 (60 5)"]
[Site "Internet Chess Club"]
[Date "2022.01.22"]
[Round "2"]
[White "Montanari, Laura:oceana88"]
[Black "Sriram, Pragyan:pryoda"]
[Result "1-0"]
[ICCResult "Black resigns"]
[WhiteElo "1550"]
[BlackElo "1362"]
[Opening "Sicilian: Smith-Morra gambit"]
[ECO "B21"]
[NIC "SI.47"]
[Time "14:00:23"]
[PlyCount "67"]
[TimeControl "3600+5"]

1. e4 c5 2. d4 cxd4 3. c3 Nf6 4. e5 Nd5 5. cxd4 Nc6 6. Nf3 d6 7. Bc4 Nb6 8.
Bb3 e6 9. O-O Be7 10. Nc3 O-O 11. Qe2 Qc7 12. Bf4 a6 13. Rac1 Rd8 14. Rfd1
Qb8 15. Ng5 Rf8 16. Qh5 h6 17. Nge4 dxe5 18. dxe5 Nd7 19. Nd6 Bxd6 20. exd6
Nf6 21. Qh4 Bd7 22. Rd3 e5 23. Bxh6 Nd4 24. Bxg7 Kxg7 25. Qg5+ Kh7 26. Qxf6
Qd8 27. Qxe5 Nf5 28. Rh3+ Nh6 29. Bc2+ f5 30. Re1 Re8 31. Bxf5+ Bxf5 32.
Qxf5+ Kg7 33. Rg3+ Kh8 34. Rxe8+ {Black resigns} 1-0

[Event "ICC tourney 2802 (60 5)"]
[Site "Internet Chess Club"]
[Date "2022.01.22"]
[Round "2"]
[White "ORYE, MATTHEW:GrandWizard"]
[Black "XIA, JOSHUA:MathMonkey"]
[Result "0-1"]
[ICCResult "White resigns"]
[WhiteElo "1669"]
[BlackElo "1414"]
[Opening "Hammerschlag (Fried fox/Pork chop opening)"]
[ECO "A00"]
[Time "14:00:19"]
[PlyCount "122"]
[TimeControl "3600+5"]

1. f3 e5 2. Kf2 d5 3. e3 Nf6 4. Be2 Nc6 5. g3 Bc5 6. Kg2 O-O 7. h4 h6 8. Nh3
e4 9. f4 d4 10. g4 Nd5 11. c4 Ndb4 12. a3 Nc2 13. Qxc2 d3 14. Qd1 dxe2 15.
Qxe2 Qxh4 16. Ng5 Bxg4 17. Rxh4 Bxe2 18. Nxe4 Be7 19. Rh2 Na5 20. Nbc3 Bxc4
21. b4 Nb3 22. Rb1 Rfd8 23. d4 a5 24. Nd2 Nxd2 25. Bxd2 axb4 26. axb4 Bd3
27. Rb2 Rd6 28. Kf3 Ra1 29. Ne4 Rf1+ 30. Nf2 f5 31. Rb3 Bb5 32. Rc3 c6 33.
Rc5 Rf6 34. e4 fxe4+ 35. Kxe4 Bxc5 36. bxc5 Re6+ 37. Kf3 Be2+ 38. Kg2 Rg6+
39. Kh3 Rfg1 40. Ne4 Bf3 41. Be3 R1g4 42. f5 Rxe4 43. fxg6 Rxe3 44. Kh4 Be4
45. Kg4 Bxg6 46. Rb2 Re4+ 47. Kf3 Rxd4 48. Rxb7 Rc4 49. Rb8+ Kh7 50. Rc8
Rxc5 51. Kf4 Rf5+ 52. Kg4 Rf6 53. Kh4 Bf5 54. Rc7 Be4 55. Re7 Bd5 56. Re5
g5+ 57. Kg4 Kg6 58. Re8 h5+ 59. Kg3 h4+ 60. Kg4 Be6+ 61. Rxe6 Rxe6
{White resigns}
0-1

[Event "ICC tourney 2802 (60 5)"]
[Site "Internet Chess Club"]
[Date "2022.01.22"]
[Round "2"]
[White "SEBBA, AMITAI:Amitai"]
[Black "HOSSAIN, AZHER:Azher2009"]
[Result "0-1"]
[ICCResult "White resigns"]
[WhiteElo "1637"]
[BlackElo "1799"]
[Opening "Caro-Kann: exchange, Rubinstein variation"]
[ECO "B13"]
[NIC "CK.02"]
[Time "14:00:18"]
[PlyCount "122"]
[TimeControl "3600+5"]

1. e4 c6 2. d4 d5 3. exd5 cxd5 4. Bd3 Nc6 5. c3 Nf6 6. Bf4 Bg4 7. Qb3 Qc8 8.
Nd2 e6 9. Ngf3 Be7 10. O-O Bh5 11. Ne5 Nxe5 12. Bxe5 O-O 13. Rae1 Bg6 14.
Bxg6 hxg6 15. Qd1 b5 16. Re3 Qc6 17. h4 Nd7 18. h5 Nxe5 19. dxe5 g5 20. Rh3
Qc7 21. Re1 a5 22. Qg4 b4 23. Rf1 bxc3 24. bxc3 Qxe5 25. h6 Qf4 26. Qxf4
gxf4 27. hxg7 Kxg7 28. Re1 Rfc8 29. Nb3 Bf6 30. Rc1 a4 31. Nd2 Rab8 32. Rc2
a3 33. Nb3 Rc4 34. Kf1 d4 35. Ke2 Rxc3 36. Rhxc3 dxc3 37. f3 Rh8 38. Kd3 Rh1
39. Ke4 Rb1 40. Kxf4 Rb2 41. Na1 Kg6 42. g4 Bd4 43. Ke4 Bg7 44. f4 f5+ 45.
Kf3 Rb1 46. gxf5+ Kxf5 47. Nb3 Rf1+ 48. Ke3 Rxf4 49. Rf2 Rxf2 50. Kxf2 c2
51. Ke2 Bb2 52. Kd2 c1=Q+ 53. Nxc1 Bxc1+ 54. Kxc1 Ke4 55. Kc2 Kd4 56. Kd2 e5
57. Kc2 e4 58. Kd2 e3+ 59. Ke2 Ke4 60. Ke1 Kd3 61. Kd1 Kc3 {White resigns}
0-1

[Event "ICC tourney 2802 (60 5)"]
[Site "Internet Chess Club"]
[Date "2022.01.22"]
[Round "2"]
[White "Vishwa, Susheel:sushivishwa"]
[Black "AMMASANI, SMAYAN:Chessamma"]
[Result "1/2-1/2"]
[ICCResult "Game drawn by repetition"]
[WhiteElo "1796"]
[BlackElo "1546"]
[Opening "Sicilian: closed"]
[ECO "B23"]
[NIC "SI.44"]
[Time "14:00:14"]
[PlyCount "70"]
[TimeControl "3600+5"]

1. e4 c5 2. Nc3 d6 3. d4 cxd4 4. Qxd4 Nc6 5. Qd2 a6 6. b3 Nf6 7. Bb2 e6 8.
O-O-O Be7 9. Kb1 b5 10. f3 Bd7 11. g4 O-O 12. g5 Ne8 13. h4 b4 14. Nce2 a5
15. f4 a4 16. Nf3 axb3 17. axb3 Qa5 18. Nc1 Nc7 19. h5 Na7 20. h6 Nab5 21.
Bxb5 Nxb5 22. Ne2 Qa2+ 23. Kc1 Na3 24. Qd4 Qb1+ 25. Kd2 Qxc2+ 26. Ke1 e5 27.
fxe5 Qxb3 28. Bxa3 Qxf3 29. Rf1 Qh3 30. exd6 Qh4+ 31. Rf2 Qh1+ 32. Rf1 Qh4+
33. Rf2 Qh1+ 34. Rf1 Qh4+ 35. Rf2 Qh1+ {Game drawn by repetition} 1/2-1/2

[Event "ICC tourney 2802 (60 5)"]
[Site "Internet Chess Club"]
[Date "2022.01.22"]
[Round "2"]
[White "Mason, Mike W:MikeWMason"]
[Black "Dixon, Javier:JavierDix"]
[Result "1-0"]
[ICCResult "Black resigns"]
[WhiteElo "1550"]
[BlackElo "1304"]
[Opening "Sicilian: dragon, classical, Grigoriev variation"]
[ECO "B72"]
[NIC "KF.05"]
[Time "14:00:35"]
[PlyCount "101"]
[TimeControl "3600+5"]

1. e4 g6 2. d4 Bg7 3. Nc3 c5 4. Nf3 cxd4 5. Nxd4 Nc6 6. Be3 d6 7. Be2 Nf6 8.
Qd2 O-O 9. O-O-O Nxd4 10. Bxd4 Ng4 11. Bxg4 Bxg4 12. f3 Be6 13. Kb1 f5 14.
h4 h5 15. Rdg1 fxe4 16. Bxg7 Kxg7 17. Nxe4 Bf5 18. Qd4+ e5 19. Qxd6 Qxd6 20.
Nxd6 b6 21. Rd1 Be6 22. Rd2 Kf6 23. Rhd1 Bf5 24. Ne4+ Bxe4 25. fxe4 Rfe8 26.
Rd6+ Re6 27. Rd7 Re7 28. c3 Ke6 29. R7d6+ Kf7 30. Rf1+ Kg7 31. Rff6 Rf7 32.
Rxg6+ Kf8 33. Rgf6 Rxf6 34. Rxf6+ Kg7 35. Rf5 Rf8 36. Rxf8 Kxf8 37. Kc2 Kf7
38. Kd3 Ke6 39. Kc4 a6 40. a4 Kd6 41. b4 Kc6 42. b5+ axb5+ 43. axb5+ Kd6 44.
Kb4 Ke6 45. c4 Kd6 46. c5+ Kc7 47. Kc4 bxc5 48. Kxc5 Kb7 49. Kd5 Kb6 50.
Kxe5 Kxb5 51. Kd6 {Black resigns} 1-0

[Event "ICC tourney 2802 (60 5)"]
[Site "Internet Chess Club"]
[Date "2022.01.22"]
[Round "2"]
[White "SLAGLE, JIM:Jim1108"]
[Black "SCHWETKE, DOUGLAS:Bilbo"]
[Result "1-0"]
[ICCResult "Black resigns"]
[WhiteElo "1664"]
[BlackElo "1495"]
[Opening "Polish (Sokolsky) opening"]
[ECO "A00"]
[NIC "VO.10"]
[Time "14:00:23"]
[PlyCount "131"]
[TimeControl "3600+5"]

1. b4 e5 2. Bb2 d6 3. c4 Nf6 4. e3 Nc6 5. b5 Nb8 6. Nf3 Be7 7. Nc3 O-O 8.
Qc2 Bg4 9. Be2 Nbd7 10. d4 Re8 11. h3 Bh5 12. O-O exd4 13. Nxd4 Bg6 14. Bd3
Bxd3 15. Qxd3 Nc5 16. Qc2 Qd7 17. a4 Rad8 18. Rfd1 Bf8 19. Ba3 Nfe4 20. Nxe4
Nxe4 21. c5 Qc8 22. c6 b6 23. f3 Nc5 24. e4 Ne6 25. Nxe6 Qxe6 26. Rd5 Qg6
27. Bb2 Be7 28. a5 Bg5 29. axb6 axb6 30. Qf2 Ra8 31. Rdd1 Qh6 32. Kh1 Bf6
33. Bd4 Bxd4 34. Qxd4 Qf4 35. Rd3 f6 36. Qb2 Qe5 37. Qxe5 fxe5 38. Rda3 Rac8
39. Ra7 Kf7 40. Rb7 Kf6 41. Raa7 Re7 42. Kh2 Ke6 43. Kg3 d5 44. exd5+ Kxd5
45. Rxb6 Kc5 46. Rbb7 Rf7 47. Kf2 h5 48. Ke3 g5 49. Ke4 Kd6 50. g3 h4 51. g4
Rf4+ 52. Ke3 Rb4 53. Ra3 Rd4 54. Rd3 Rxd3+ 55. Kxd3 Ra8 56. Ke4 Ra4+ 57. Kf5
Ra3 58. Kxg5 Rxf3 59. Kxh4 e4 60. Rb8 Rf7 61. Re8 Re7 62. Rxe7 Kxe7 63. Kg3
Kd6 64. Kf4 Kc5 65. Kxe4 Kxb5 66. Kd5 {Black resigns} 1-0

[Event "ICC tourney 2802 (60 5)"]
[Site "Internet Chess Club"]
[Date "2022.01.22"]
[Round "2"]
[White "JIMENEZ, LUIS A:eltuna"]
[Black "S.M, UMER:uncrackable"]
[Result "0-1"]
[ICCResult "White forfeits on time"]
[WhiteElo "1519"]
[BlackElo "1794"]
[Opening "King's Indian: Sämisch, orthodox variation"]
[ECO "E85"]
[NIC "KI.54"]
[Time "14:00:24"]
[PlyCount "142"]
[TimeControl "3600+5"]

1. d4 Nf6 2. c4 g6 3. f3 Bg7 4. e4 d6 5. Nc3 O-O 6. Be3 e5 7. Qd2 Nc6 8. d5
Nd4 9. Nge2 c5 10. dxc6 Nxc6 11. Rd1 Be6 12. b3 Qa5 13. Nb5 Qxd2+ 14. Rxd2
Rfd8 15. Nxd6 b6 16. Nc3 Nd4 17. Ndb5 Nh5 18. Nc7 Rac8 19. Nxe6 fxe6 20. Be2
Nf4 21. Kf2 Bf8 22. g3 Bb4 23. gxf4 Bxc3 24. Rd3 Nxe2 25. Rxd8+ Rxd8 26.
Kxe2 exf4 27. Bxf4 e5 28. Be3 Bb4 29. Rd1 Rxd1 30. Kxd1 Kf7 31. Kc2 Kf6 32.
Kd3 Ke6 33. Bc1 Bc5 34. Be3 Bb4 35. f4 exf4 36. Bxf4 Bc5 37. Be3 Bb4 38. Bd4
g5 39. Ke3 Bd6 40. h3 h5 41. Kf3 Bc5 42. Bc3 a5 43. Bd2 Kf6 44. Kg3 Bd6+ 45.
Kf3 Bc5 46. Bc3+ Ke6 47. Be1 Ba3 48. h4 g4+ 49. Kf4 Bc1+ 50. Kg3 Be3 51. Bc3
Bg1 52. a3 Bc5 53. b4 Bd6+ 54. Kf2 axb4 55. axb4 Be7 56. Kg3 Bd6+ 57. Kg2
Be7 58. Be1 Ke5 59. Bf2 Bxb4 60. Bxb6 Kxe4 61. c5 Kd5 62. Bc7 Bxc5 63. Bg3
Ke4 64. Bf2 Bxf2 65. Kxf2 Kf4 66. Kg2 Ke3 67. Kg3 Ke2 68. Kg2 Kd3 69. Kh2
Ke2 70. Kg2 Kd1 71. Kg3 Ke1 {White forfeits on time} 0-1

[Event "ICC tourney 2802 (60 5)"]
[Site "Internet Chess Club"]
[Date "2022.01.22"]
[Round "3"]
[White "Liao, Connor:che2468"]
[Black "RAIFE, ASHOK:ashokbidani"]
[Result "1-0"]
[ICCResult "Black resigns"]
[WhiteElo "1511"]
[BlackElo "1644"]
[Opening "Queen's pawn game"]
[ECO "A46"]
[NIC "QP.06"]
[Time "17:00:22"]
[PlyCount "23"]
[TimeControl "3600+5"]

1. d4 Nf6 2. Nf3 d6 3. e3 g6 4. b3 Bg7 5. Bb2 O-O 6. Bd3 Nbd7 7. Nbd2 Re8 8.
O-O e5 9. Ng5 h6 10. Nge4 c5 11. Nxd6 cxd4 12. Nxe8 {Black resigns} 1-0

[Event "ICC tourney 2802 (60 5)"]
[Site "Internet Chess Club"]
[Date "2022.01.22"]
[Round "3"]
[White "HE, EDEN:edenhe"]
[Black "GEVORGYAN, DAVIT:Davo29"]
[Result "0-1"]
[ICCResult "White resigns"]
[WhiteElo "1484"]
[BlackElo "1761"]
[Opening "Caro-Kann: exchange variation"]
[ECO "B13"]
[NIC "CK.02"]
[Time "17:00:37"]
[PlyCount "106"]
[TimeControl "3600+5"]

1. e4 c6 2. d4 d5 3. exd5 cxd5 4. Bd3 Nc6 5. c3 Nf6 6. Nf3 Bg4 7. Bf4 e6 8.
O-O Bd6 9. Bxd6 Qxd6 10. Nbd2 O-O 11. Re1 Rab8 12. h3 Bh5 13. Qc2 Rfc8 14.
a3 b5 15. Qb3 a6 16. Ne5 Nd7 17. Ndf3 Ndxe5 18. Nxe5 Nxe5 19. Rxe5 Bg6 20.
Bxg6 hxg6 21. Qb4 Qb6 22. Qb3 a5 23. Re3 b4 24. Rb1 bxc3 25. Qxb6 Rxb6 26.
Rc1 Rxb2 27. Rexc3 Rxc3 28. Rxc3 Rd2 29. Rc5 a4 30. Ra5 Rxd4 31. Kf1 Rc4 32.
Ke2 Kf8 33. Kd3 Ke7 34. g3 g5 35. Ra6 e5 36. Ra5 Ke6 37. Ra6+ Kf5 38. Kd2
Ke4 39. Ra5 d4 40. Ke2 Rc2+ 41. Ke1 Kd3 42. Kf1 Rc1+ 43. Kg2 e4 44. Rxa4 Rc4
45. Ra7 Kc2 46. a4 d3 47. a5 d2 48. a6 d1=Q 49. Rxf7 Ra4 50. a7 Qd5 51. Rxg7
e3+ 52. Kf1 Qf3 53. Rc7+ Kb2 {White resigns} 0-1